AoeStats
← 1980195387

Arena

510269637Analyzed
2v2 RM · 1d ago on Sep 30, 2026· 48m 6s· 4 players
Game mode
Random Map
Map size
Medium (4 player)
Population
200
Speed
Normal
Resources
Standard
Victory
Conquest
Starting age
Dark Age
Ending age
Imperial Age
RankedLock teamsTeams togetherTeam positionsShared explorationLock speedFull tech treeHidden civsTurbo modeCheats
Victory
Defeat
🇨🇳 Khmer · China
398
+17
🇨🇳 Poles · China
397
+17
🇫🇷 Burgundians · France
495
-20
🇮🇳 Britons · India
336
-14
1980195387
12:58 Feudal Age
13:37 Double-Bit Axe
16:32 Castle Age
14:29 Horse Collar
17:29 Bow Saw
18:40 Wheelbarrow
18:45 Bow Saw
20:08 Heavy Plow
20:48 Stone Mining
24:16 Hand Cart
24:23 Hand Cart
25:03 Gold Mining
29:41 Scale Barding Armor
29:50 Forging
29:32 Fletching
31:24 Gold Shaft Mining
31:24 Stone Shaft Mining
33:25 Imperial Age
31:28 Loom
33:16 Tusk Swords
33:21 Husbandry
34:09 Bloodlines
34:34 Conscription
34:53 Crop Rotation
34:27 Bodkin Arrow
35:10 Iron Casting
39:15 Chain Barding Armor
38:57 Bracer
39:59 Blast Furnace
38:58 Pikeman
39:43 Elite Battle Elephant
40:49 Halberdier
43:02 Plate Barding Armor
43:15 Hoardings
48:24 Padded Archer Armor
49:43 Chemistry
49:05 Ballistics
48:56 Masonry
HANA
12:01 Feudal Age
12:25 Horse Collar
12:32 Double-Bit Axe
14:22 Wheelbarrow
19:55 Castle Age
18:49 Scale Barding Armor
18:56 Forging
20:08 Stone Mining
21:06 Bow Saw
22:38 Bloodlines
21:52 Light Cavalry
22:35 Husbandry
23:07 Heavy Plow
23:59 Hand Cart
25:27 Loom
28:15 Heavy Plow
32:57 Szlachta Privileges
34:48 Chain Barding Armor
35:04 Iron Casting
36:18 Masonry
37:47 Fletching
39:56 Bodkin Arrow
42:37 Imperial Age
41:34 Scale Mail Armor
43:42 Lechitic Legacy
43:33 Capped Ram
44:41 Elite Obuch
45:05 Cavalier
48:20 Siege Engineers
karthiksandy19
18:10 Feudal Age
20:26 Wheelbarrow
21:08 Fletching
22:19 Gold Mining
22:20 Stone Mining
23:11 Double-Bit Axe
27:59 Fletching
28:10 Padded Archer Armor
28:12 Scale Mail Armor
30:05 Forging
37:11 Castle Age
35:29 Arson
37:32 Horse Collar
38:33 Iron Casting
38:16 Leather Archer Armor
39:49 Heavy Plow
40:02 Bow Saw
39:38 Pikeman
41:27 Hand Cart
43:31 Murder Holes
43:57 Ballistics
45:01 Yeomen
44:57 Bodkin Arrow
45:18 Chain Mail Armor
45:10 Squires
47:32 Masonry
Gojira
0:48 Loom
9:45 Double-Bit Axe
12:41 Horse Collar
12:55 Stone Mining
12:56 Gold Mining
16:51 Feudal Age
18:42 Heavy Plow
19:23 Stone Shaft Mining
19:23 Gold Shaft Mining
23:37 Castle Age
23:46 Castle Age
23:13 Bow Saw
22:57 Man-at-Arms
25:23 Treadmill Crane
26:05 Ballistics
25:20 Pikeman
26:35 Fervor
26:53 Murder Holes
27:51 Burgundian Vineyards
33:52 Imperial Age
31:59 Wheelbarrow
31:10 Town Watch
32:40 Cavalier
33:21 Husbandry
36:08 Chemistry
38:05 Conscription
41:10 Long Swordsman
43:39 Halberdier
Connection lost

Rejoining the realm…

Still unreachable

The connection could not be restored.

Session expired

The server has moved on; the page needs a fresh start.